 Dungeon Crawl Stone Soup version 0.28-a0-1629-gf728b707aa (webtiles) character file.

Game seed: 18081252961835231748

58 oldriver the Skirmisher (level 3, 0/30 HPs)
             Began as a Demonspawn Abyssal Knight on Jan 24, 2022.
             Was a Follower of Lugonu.
             Hit by a stone thrown by a gnoll (4 damage)
             ... on level 2 of the Dungeon.
             The game lasted 00:01:18 (1203 turns).

oldriver the Skirmisher (Demonspawn Abyssal Knight) Turns: 1203, Time: 00:01:19

Health: 0/30       AC:  3    Str: 15    XL:     3   Next: 75%
Magic:  5/5        EV: 11    Int: 11    God:    Lugonu [*.....]
Gold:   87         SH:  0    Dex: 13    Spells: 2/2 levels left

rFire   . . .      SeeInvis .   a - +1 falchion
rCold   . . .      Faith    .   (no shield)
rNeg    . . .      Spirit   .   b - +0 leather armour
rPois   .          Reflect  .   (no helmet)
rElec   .          Harm     .   (no cloak)
rCorr   .          Rampage  .   (no gloves)
Will    .....                   (no boots)
Stlth   +.........              (no amulet)
HPRegen 0.10/turn               (no ring)
MPRegen 0.09/turn               (no ring)

@: no status effects
A: ignite blood 1, spiny 1
a: Renounce Religion, Depart the Abyss


You were on level 2 of the Dungeon.
You worshipped Lugonu.
Lugonu was aware of your devotion.
You visited 1 branch of the dungeon, and saw 2 of its levels.
You visited the Abyss 1 time.

You collected 87 gold pieces.

Inventory:

Hand Weapons
 a - a +1 falchion (weapon)
Missiles
 h - 6 poisoned darts
Armour
 b - a +0 leather armour (worn)
Jewellery
 e - a ring of ice
 g - a ring of magical power
Potions
 c - a potion of curing {unknown}
 d - a potion of resistance {unknown}
 f - a potion of flight {unknown}


   Skills:
 * Level 3.7 Fighting
 + Level 2.1 Long Blades
 + Level 2.2 Armour
 + Level 1.4 Dodging
 + Level 3.1 Invocations


You had 2 spell levels left.
You didn't know any spells.
Your spell library contained the following spells:

 Spells                   Type           Power      Damage    Failure   Level
 Shock                    Conj/Air       0%         1d3       41%         1
 Swiftness                Air            0%         N/A       78%         3
 Airstrike                Air            0%         N/A       99%         4


Dungeon Overview and Level Annotations

Branches:
Dungeon (2/15)

Altars:


Innate Abilities, Weirdness & Mutations

Your demonic aura sometimes causes spilled blood to erupt in flames.
You are partially covered in sharp spines.


Message History

A gnoll comes into view. It is wielding a +0 flail.
A gnoll is nearby!
A gnoll is nearby!
A gnoll is nearby!
A gnoll is nearby!
You start waiting.
A gnoll comes into view. It is wielding a +1 whip of holy wrath.
A gnoll is nearby!
A gnoll is nearby!
A gnoll is nearby!
You barely miss the gnoll. You punch the gnoll.
The gnoll is moderately wounded.
The gnoll hits you with a +1 whip of holy wrath!
You convulse!
You barely miss the gnoll.
The gnoll is moderately wounded.
The gnoll is struck by your spines. The gnoll closely misses you.
You slash the gnoll!
You kill the gnoll!
Lugonu accepts your kill.
No target in view!
No target in view!
Things that are here:
a +1 whip of holy wrath; 18 gold pieces; a gnoll corpse
Okay, then.
The gnoll hits you but does no damage.
You barely miss the gnoll. The gnoll hits you with a +0 flail!
* * * LOW HITPOINT WARNING * * *
You hit the gnoll.
The gnoll is moderately wounded.
The gnoll is struck by your spines. The gnoll completely misses you.
You hit the gnoll but do no damage.
The gnoll is heavily wounded.
The gnoll barely misses you. The gnoll hits you with a +0 flail.
* * * LOW HITPOINT WARNING * * *
You barely miss the gnoll.
The gnoll is heavily wounded.
The gnoll barely misses you.
The gnoll throws a stone.
The stone hits you.
You die...

##### .>..# ###.############
###.#..........#
....#.########.# #####.# #.#
### #.########.######..
#...†....#..@.g.#.#####
############.######.#.....
..................#.#..######
##########...###.#...........
....# #...# #....#..#####
###.# #...# ###.##..# #.#.#
#...# #.##..# #...# #...#
#g##..# #.#####
#...#####†##..#


You could see a gnoll.

Vanquished Creatures
  An adder (D:2)
  2 gnolls (D:2)
  3 dart slugs
  An endoplasm (D:1)
  2 giant cockroaches (D:1)
  2 goblins (D:1)
  3 hobgoblins (D:2)
  A quokka (D:1)
  2 ball pythons (D:1)
  3 bats
  6 rats
26 creatures vanquished.

Notes
Turn   | Place    | Note
-------+----------+-------------------------------------------
     0 | Abyss:1  | oldriver the Demonspawn Abyssal Knight began the quest for
                  | the Orb.
     0 | Abyss:1  | Reached XP level 1. HP: 18/18 MP: 2/2
    68 | Abyss:1  | Noticed a raiju
    69 | D:1      | Escaped the Abyss
   156 | D:1      | Reached skill level 1 in Dodging
   261 | D:1      | Gained mutation: You are partially covered in sharp spines.
                  | [demonic ancestry]
   261 | D:1      | Reached XP level 2. HP: 21/24 MP: 3/3
   325 | D:1      | Found a faded altar of an unknown god.
   332 | D:1      | Reached * piety under Lugonu
  1047 | D:2      | Gained mutation: Your demonic aura sometimes causes spilled
                  | blood to erupt in flames. [demonic ancestry]
  1047 | D:2      | Reached XP level 3. HP: 24/29 MP: 5/5
  1203 | D:2      | Hit by a stone thrown by a gnoll

Illustrated notes

Levels and vault maps discovered:
D:1:      zaba_arrival_water, layout_rooms,
          shapermc_ecumenical_altar_notcrosses, minmay_misc_feat_plants
D:2:      layout_basic, basic_altar, amcnicky_mini_pool_small,
          minmay_octomino_e4

Skill      XL: |  1  2  3 |
---------------+----------+-----
Dodging        | 1 |  1.4
Armour         | 2 |  2.2
Long Blades    | 2 |  2.1
Invocations    | 3 |  3.1
Fighting       | |  3.7

Action                   || total
-------------------------++-------
Melee: Falchion          ||    63
       Punch             ||     1
Invok: Depart the Abyss  ||     1
Armor: Leather armour    ||    18
Dodge: Dodged            ||    41

Table legend: (Time is in decaauts)
 A = Elapsed time spent in this place.
 B = Non-inter-level travel time spent in this place.
 C = Inter-level travel time spent in this place.
 D = Time resting spent in this place.
 E = Time spent auto-exploring this place.
 F = Levels seen in this place.
 G = Mean time per level.
                   A        B        C        D        E       F      G
               +--------+--------+--------+--------+--------+-----+--------+
         Total |   1221 |   1210 |     11 |      7 |    993 |   3 |  407.0 |
       Dungeon |   1152 |   1141 |     11 |      7 |    926 |   2 |  576.0 |
         Abyss |     69 |     69 |      0 |      0 |     67 |   1 |   69.0 |
               +--------+--------+--------+--------+--------+-----+--------+

Top non-repeatable levels by time:
     D:1: 602 daAuts
     D:2: 550 daAuts
 Abyss:1: 69 daAuts
